Map: Cosmic Sapphire

Players

ShowDown - Winner!

  • Race: Protoss Protoss
  • League: Master
  • Spawn Location: 5:00

desolator

  • Race: Zerg Zerg
  • League: Master
  • Spawn Location: 11:00

VOD

Have the link to the VOD?

Description

Time

  • Played on: Jan. 11, 2023, 12:53 p.m.
  • Length: 15:24
Show
View Real Time Build Order
Export as new Build Order

ShowDown Protoss - Winner!

Build Orders: 1 Gate Expand, Oracle Opening, Archon Immortal 

Get SALT Encoding   

  12  0:01  Probe  
  13  0:13  Probe  
  14  0:21  Pylon  
  14  0:25  Probe  
  15  0:39  Gateway, Probe (Chrono Boost)  
  16  0:49  Assimilator, Probe (Chrono Boost)  
  17  0:54  Probe (Chrono Boost)  
  18  1:05  Probe  
  19  1:17  Probe  
  20  1:24  Nexus  
  20  1:34  Cybernetics Core  
  20  1:37  Probe  
  21  1:45  Assimilator  
  21  1:49  Probe  
  22  1:54  Pylon  
  22  2:01  Probe  
  23  2:12  Adept (Chrono Boost)  
  23  2:13  Probe  
  26  2:25  Probe (Chrono Boost)  
  26  2:28  Stargate  
  27  2:34  Stalker  
  30  2:37  Probe (Chrono Boost)  
  30  2:38  Probe (Chrono Boost)  
  31  2:45  Warp Gate  
  31  2:46  Probe x2 (Chrono Boost)  
  33  2:51  Probe  
  33  2:52  Probe  
  35  3:03  Probe  
  35  3:04  Probe  
  37  3:09  Oracle (Chrono Boost)  
  40  3:15  Probe  
  40  3:16  Probe  
  40  3:17  Pylon, Adept  
  44  3:28  Probe  
  44  3:32  Probe  
  46  3:41  Nexus  
  46  3:42  Pylon  
  46  3:44  Oracle (Chrono Boost)  
  46  3:48  Probe x2  
  50  3:57  Assimilator  
  50  3:58  Pylon  
  50  4:00  Assimilator, Probe x2  
  50  4:02  Shield Battery  
  52  4:12  Probe x2  
  54  4:18  Twilight Council  
  54  4:19  Forge  
  54  4:25  Probe (Chrono Boost)  
  54  4:29  Probe (Chrono Boost)  
  56  4:33  Gateway  
  56  4:35  Gateway, Probe (Chrono Boost)  
  58  4:38  Probe (Chrono Boost)  
  58  4:40  Probe (Chrono Boost)  
  58  4:45  Adept  
  57  4:48  Probe (Chrono Boost)  
  59  4:55  Protoss Ground Weapons Level 1  
  59  4:56  Charge  
  59  4:57  Probe (Chrono Boost)  
  59  4:58  Probe (Chrono Boost)  
  61  5:00  Robotics Facility  
  61  5:04  Probe (Chrono Boost)  
  61  5:06  Adept, Probe (Chrono Boost)  
  65  5:08  Probe (Chrono Boost)  
  65  5:11  Probe (Chrono Boost)  
  65  5:12  Probe (Chrono Boost)  
  66  5:17  Probe (Chrono Boost)  
  66  5:18  Shield Battery  
  66  5:24  Probe (Chrono Boost)  
  66  5:27  Probe (Chrono Boost)  
  69  5:30  Pylon  
  69  5:32  Probe x2 (Chrono Boost)  
  69  5:35  Probe (Chrono Boost)  
  71  5:37  Templar Archives  
  71  5:38  Probe  
  71  5:39  Probe  
  73  5:46  Probe  
  73  5:49  Assimilator, Gateway  
  74  5:51  Gateway  
  74  5:52  Gateway  
  74  5:54  Gateway  
  74  5:55  Observer (Chrono Boost), Assimilator  
  74  5:56  Gateway  
  75  6:00  Sentry x2  
  75  6:01  Probe x3  
  75  6:03  Pylon  
  82  6:10  Immortal (Chrono Boost)  
  82  6:13  Probe x2  
  88  6:24  Probe  
  89  6:43  Nexus  
  89  6:45  Pylon, Immortal (Chrono Boost)  
  92  6:56  Protoss Ground Weapons Level 2  
  92  6:57  Zealot  
  92  6:58  Observer, Zealot x2  
  94  7:01  Probe  
  94  7:03  Stalker, Probe  
  94  7:04  Zealot x4  
  106  7:09  Probe  
  106  7:10  Blink (Chrono Boost)  
  104  7:18  Warp Prism (Chrono Boost)  
  106  7:24  High Templar  
  106  7:27  Nexus  
  106  7:28  Photon Cannon  
  108  7:31  Pylon, Probe  
  108  7:33  Shield Battery, Photon Cannon  
  108  7:35  Photon Cannon x2  
  109  7:41  Pylon  
  109  7:43  Photon Cannon  
  109  7:44  Nexus, Observer  
  109  7:47  Pylon  
  109  7:49  Probe x2  
  109  7:51  Pylon  
  111  7:53  High Templar  
  111  7:54  High Templar x2  
  111  7:57  Archon  
  117  7:59  Archon, Immortal (Chrono Boost)  
  117  8:00  Observer  
  117  8:02  Probe x2  
  117  8:03  Probe  
  124  8:08  High Templar x2  
  124  8:09  High Templar x2  
  124  8:11  Assimilator  
  132  8:17  Assimilator  
  132  8:18  Gateway  
  132  8:19  Gateway, Probe  
  133  8:23  Archon x2, Photon Cannon  
  133  8:25  Photon Cannon  
  133  8:26  Photon Cannon  
  133  8:27  Pylon  
  133  8:28  Shield Battery x2  
  133  8:40  Stalker x2  
  133  8:41  Stalker x4  
  133  8:56  Stalker x2  
  133  8:59  Probe x3  
  136  9:04  Stalker x5  
  136  9:09  Probe (Chrono Boost)  
  140  9:12  Probe (Chrono Boost)  
  140  9:13  Probe x2 (Chrono Boost)  
  142  9:21  Probe (Chrono Boost)  
  142  9:23  Probe (Chrono Boost)  
  145  9:25  Probe x2 (Chrono Boost)  
  145  9:26  Observer  
  145  9:27  Probe (Chrono Boost)  
  145  9:30  Pylon  
  146  9:31  High Templar  
  146  9:32  High Templar x2  
  146  9:33  High Templar, Probe x2  
  146  9:35  Archon, Protoss Ground Weapons Level 3 (Chrono Boost)  
  146  9:37  Archon  
  156  9:42  Zealot x2  
  161  9:47  Immortal  
  161  9:48  Probe x2  
  161  9:49  Probe  
  167  9:57  Probe  
  166  10:00  Probe  
  166  10:01  Probe  
  162  10:07  Probe  
  162  10:12  High Templar x2, Zealot x2  
  169  10:16  Archon  
  169  10:28  Zealot  
  171  10:32  Pylon  
  171  10:34  Pylon  
  171  10:35  Immortal  
  163  10:52  High Templar x2  
  163  10:56  Probe  
  168  10:57  Archon  
  168  11:03  Gateway  
  168  11:05  High Templar x2, Zealot x4  
  168  11:06  Gateway  
  168  11:07  Zealot x2  
  168  11:09  Archon  
  168  11:11  Pylon  
  184  11:17  Protoss Air Weapons Level 1  
  184  11:19  Immortal  
  184  11:20  Nexus  
  184  11:22  Pylon  
  184  11:26  Probe x4  
  165  11:33  Zealot x8  
  165  11:38  Probe x4  
  171  11:50  Probe  
  170  11:56  Probe  
  135  12:02  Zealot x3  
  135  12:03  Zealot x8  
  135  12:05  Probe  
  135  12:06  Probe  
  129  12:11  Immortal (Chrono Boost)  
  129  12:12  Probe  
  124  12:20  Zealot  
  126  12:23  Protoss Shields Level 1 (Chrono Boost)  
  126  12:26  Zealot x5  
  122  12:35  High Templar x3  
  122  12:37  High Templar x2  
  122  12:38  High Templar  
  122  12:40  Archon  
  122  12:41  Archon x2  
  128  12:47  Immortal (Chrono Boost)  
  132  12:56  Probe  
  129  13:01  High Templar  
  129  13:02  High Templar x2  
  129  13:03  High Templar  
  129  13:04  Zealot x2  
  141  13:07  Archon  
  141  13:09  Archon  
  141  13:14  High Templar x4  
  141  13:15  Sentry, Stalker, Photon Cannon  
  141  13:17  Shield Battery  
  141  13:18  Archon  
  153  13:20  Archon  
  143  13:33  Zealot x2  
  117  13:34  Probe x2  
  117  13:35  Probe x2  
  117  13:39  Probe  
  115  13:47  Probe (Chrono Boost)  
  114  13:53  Probe (Chrono Boost)  
  114  13:54  Probe x2 (Chrono Boost)  
  116  13:58  High Templar x3  
  116  13:59  High Templar, Probe x2 (Chrono Boost)  
  116  14:00  High Templar x2, Zealot x4  
  116  14:01  Zealot  
  139  14:03  Robotics Facility  
  139  14:06  Assimilator, Photon Cannon  
  139  14:07  Shield Battery, Photon Cannon  
  139  14:08  Archon x2, Immortal (Chrono Boost)  
  139  14:09  Assimilator, Archon  
  139  14:10  Photon Cannon  
  139  14:11  Probe x2  
  145  14:18  Probe  
  145  14:21  Probe  
  145  14:22  Zealot x2, Probe  
  145  14:23  Zealot  
  152  14:45  Zealot x4  
  152  14:46  Zealot x4  
Show
View Real Time Build Order
Export as new Build Order

desolator Zerg 

Build Orders: Hatch First 

Get SALT Encoding   

  12  0:00  Drone  
  13  0:12  Overlord  
  13  0:16  Drone  
  14  0:30  Drone x2  
  16  0:48  Hatchery  
  15  0:51  Drone  
  15  0:55  Drone  
  17  0:58  Drone  
  18  1:09  Extractor  
  17  1:14  Spawning Pool  
  17  1:17  Drone  
  17  1:20  Drone  
  18  1:28  Drone  
  19  1:39  Drone  
  20  1:49  Overlord  
  20  2:01  Queen x2  
  20  2:02  Zergling x4  
  26  2:11  Drone  
  26  2:12  Metabolic Boost  
  27  2:17  Drone  
  28  2:23  Drone x2  
  30  2:36  Hatchery  
  29  2:40  Drone x2  
  31  2:48  Queen  
  33  2:53  Overlord  
  33  2:58  Drone  
  33  2:59  Drone x2  
  36  3:10  Overlord  
  36  3:11  Queen  
  38  3:16  Drone x3  
  38  3:17  Drone  
  42  3:22  Drone x2  
  44  3:28  Queen  
  44  3:30  Spore Crawler  
  44  3:32  Drone  
  44  3:33  Drone  
  47  3:36  Zergling x2  
  47  3:38  Drone  
  49  3:43  Zergling x4  
  49  3:47  Drone x2  
  52  3:50  Queen  
  52  3:53  Overlord  
  54  4:01  Drone x3  
  57  4:06  Drone  
  58  4:15  Drone x2  
  58  4:16  Overlord, Drone  
  61  4:19  Drone x4  
  61  4:20  Drone  
  61  4:21  Evolution Chamber  
  65  4:24  Overlord  
  65  4:27  Spore Crawler  
  65  4:28  Spore Crawler  
  65  4:30  Drone x2  
  65  4:34  Zergling x2  
  66  4:45  Drone x2  
  67  4:49  Overlord x2  
  67  4:50  Zerg Melee Weapons Level 1  
  67  4:53  Drone  
  67  4:54  Hatchery, Drone x2  
  67  5:03  Zergling x2  
  67  5:04  Zergling x4  
  67  5:05  Overlord  
  70  5:08  Drone x3  
  70  5:13  Drone  
  70  5:14  Drone x4  
  77  5:17  Lair  
  76  5:23  Extractor  
  76  5:24  Extractor  
  76  5:25  Overlord, Roach Warren  
  73  5:30  Drone x4  
  73  5:31  Drone x5  
  79  5:46  Drone x3  
  82  5:50  Extractor  
  82  5:51  Extractor, Drone x3  
  82  5:52  Overlord x2, Drone x3  
  82  5:55  Extractor  
  85  6:01  Overlord  
  85  6:02  Drone x3  
  88  6:06  Queen  
  88  6:09  Zergling x4  
  88  6:10  Overlord  
  91  6:13  Spore Crawler  
  91  6:15  Glial Reconstitution  
  91  6:16  Overlord  
  90  6:19  Zergling x2  
  90  6:20  Zergling x4  
  90  6:23  Roach x6  
  105  6:34  Spire  
  105  6:35  Extractor  
  105  6:36  Drone x2  
  105  6:37  Extractor, Drone x3  
  105  6:38  Drone  
  108  6:45  Overlord  
  108  6:46  Drone x5  
  115  6:47  Roach  
  113  6:55  Zergling x18  
  113  7:00  Overseer  
  118  7:09  Roach x4  
  126  7:19  Overlord x2  
  126  7:20  Zerg Melee Weapons Level 2  
  126  7:21  Roach x2  
  126  7:22  Roach x4  
  137  7:47  Mutalisk x10  
  137  7:49  Overlord x2  
  137  7:50  Roach x4  
  165  7:58  Spine Crawler, Zergling x12  
  168  8:03  Baneling Nest  
  169  8:09  Overlord x2  
  169  8:11  Roach x6  
  181  8:25  Roach x5  
  191  8:28  Hatchery, Overseer x2  
  191  8:31  Roach x2  
  191  8:32  Roach  
  191  8:34  Roach  
  187  8:59  Roach  
  187  9:00  Roach x5, Centrifugal Hooks  
  187  9:19  Zergling x24  
  187  9:20  Overseer  
  199  9:29  Baneling x2  
  199  9:38  Zerg Missile Weapons Level 1  
  199  9:39  Overlord x2  
  199  9:41  Infestation Pit, Baneling x14  
  199  9:42  Baneling x10  
  184  10:20  Zergling x38  
  183  10:36  Zergling x30  
  183  10:37  Zergling x4  
  195  10:48  Zergling x2  
  195  10:49  Zergling x26  
  195  10:53  Hive  
  195  10:57  Drone x3  
  195  10:58  Drone  
  199  11:09  Baneling x15  
  196  11:28  Zergling x16  
  187  11:32  Zergling x2  
  187  11:33  Zergling x24  
  196  11:45  Zergling x14  
  196  11:46  Baneling x3  
  196  11:47  Baneling x7  
  185  12:01  Drone x10  
  134  12:04  Roach Warren  
  134  12:06  Spawning Pool  
  134  12:07  Zergling x8  
  120  12:14  Lair  
  119  12:21  Spore Crawler  
  118  12:23  Spine Crawler x2, Zergling x16  
  118  12:24  Spine Crawler  
  119  12:39  Zergling x10  
  119  12:43  Hatchery  
  123  12:46  Hatchery  
  123  12:49  Zergling x12  
  128  12:57  Hatchery  
  126  13:00  Zergling x2  
  126  13:04  Baneling x29  
  126  13:05  Zergling x6  
  130  13:06  Ravager x3  
  130  13:07  Ravager x4  
  137  13:14  Zergling x6  
  137  13:18  Zergling x6  
  128  13:33  Zergling x2  
  128  13:34  Zergling x8  
  110  13:37  Zergling x2  
  110  13:40  Roach  
  98  13:43  Roach x2  
  98  13:45  Roach x3  
  100  13:52  Baneling x7  
  100  13:53  Roach x3, Baneling x3  
  106  13:59  Roach x3  
  106  14:02  Baneling x2  
  112  14:07  Spore Crawler  
  111  14:10  Baneling x10  
  111  14:11  Roach x6  
  123  14:18  Zergling x12  
  129  14:28  Roach x6  
  129  14:30  Roach x3  
  147  14:34  Roach x2  
  147  14:36  Roach  
  153  14:42  Roach x3  
  153  14:43  Roach x3  
  165  14:47  Roach  
  165  14:48  Roach x2  
Tags
 
Add a new tag
Caveats
  • Supply blocks, unpowered buildings, or Contaminate may cause inaccurate times.
  • Supply counts are checked every 10 seconds.